 Dungeon Crawl Stone Soup version 0.30-a0-743-gbfdf073431 (webtiles) character file.

Game seed: 1902355739480467995

209 BRD the Chopper (level 5, -11/41 HPs)
             Began as a Demonspawn Gladiator on Feb 8, 2023.
             Mangled by Crazy Yiuf
             ... wielding a +3 quarterstaff of chaos
              (12 damage)
             ... on level 3 of the Dungeon.
             The game lasted 00:03:35 (2754 turns).

BRD the Chopper (Demonspawn Gladiator)              Turns: 2754, Time: 00:03:36

Health: -11/41     AC:  7    Str: 14    XL:     5   Next: 55%
Magic:  5/5        EV: 13    Int: 12    God:
Gold:   195        SH:  0    Dex: 14    Spells: 4/4 levels left

rFire   + . .      SeeInvis .    a - +0 war axe
rCold   + . .      Faith    .    (no shield)
rNeg    . . .      Spirit   .    b - +0 leather armour
rPois   +          Reflect  .    c - +0 helmet
rElec   +          Harm     .    i - +0 cloak
rCorr   +          Rampage  .    (no gloves)
Will    .....                    (no boots)
Stlth   +                        (no amulet)
HPRegen 0.26/turn                (no ring)
MPRegen 0.09/turn                (no ring)

@: lethally poisoned (-11 -> -25), resistant
A: claws 2, molten scales 1
a: no special abilities


You were on level 3 of the Dungeon.
You visited 1 branch of the dungeon, and saw 3 of its levels.

You collected 195 gold pieces.

Inventory:

Hand Weapons
 a - a +0 war axe (weapon)
Missiles
 d - 3 throwing nets
 e - a javelin (quivered)
Armour
 b - a +0 leather armour (worn)
 c - a +0 helmet (worn)
 i - a +0 cloak (worn)
Wands
 w - a wand of charming (8)
Scrolls
 g - a scroll of amnesia {unknown}
 h - a scroll of poison {unknown}
 k - 3 scrolls of teleportation {unknown}
 l - a scroll of fog {unknown}
 m - 3 scrolls of identify {unknown}
 q - a scroll of silence {unknown}
 r - a scroll of summoning {unknown}
 v - a scroll of brand weapon {unknown}
 x - a scroll of magic mapping {unknown}
Potions
 f - 2 potions of heal wounds {unknown}
 j - a potion of cancellation {unknown}
 n - 2 potions of mutation {unknown}
 o - 3 potions of might {unknown}
 p - a potion of degeneration {unknown}
 s - 2 potions of curing {unknown}
 t - a potion of lignification {unknown}
 u - a potion of haste {unknown}
 z - a potion of brilliance {unknown}


   Skills:
 + Level 3.6 Fighting
 + Level 4.0 Axes
 - Level 2.0 Throwing
 + Level 3.9 Dodging


You had 4 spell levels left.
You didn't know any spells.
Your spell library contained the following spells:

 Spells                   Type           Power      Damage    Failure   Level
 Cigotuvi's Dreadful Rot  Necr/Pois/Air  0%         N/A       54%         2
 Poisonous Vapours        Pois/Air       0%         N/A       54%         2
 Mephitic Cloud           Conj/Pois/Air  0%         N/A       77%         3


Dungeon Overview and Level Annotations

Branches:
Dungeon (3/15)

Altars:
Ru
Vehumet

Annotations:
D:3 Crazy Yiuf


Innate Abilities, Weirdness & Mutations

You have very sharp fingernails.
You are partially covered in molten scales. (AC +2)


Message History

You slash the fungus!
The fungus is lightly damaged.
You hit the fungus. You slash the fungus!
The fungus is lightly damaged.
You hit the fungus. You hit the fungus.
The fungus is lightly damaged.
You hit the fungus.
A nearby fungus withers and dies. x2
You hit the fungus.
The fungus begins to die.
The fungus is lightly damaged.
You slash the fungus!
The fungus begins to die.
You slash the fungus!
The fungus begins to die.
You hit the fungus.
The fungus is lightly damaged.
You slash the fungus! You hit the fungus.
A nearby fungus withers and dies.
A nearby fungus withers and dies. x2
Found a hammer.
Found a runed translucent door.
Crazy Yiuf cries, "Proton mumblescurry sanguine!"
You open the door. You barely miss Crazy Yiuf.
Crazy Yiuf hits you with a +3 quarterstaff of chaos!
You hit Crazy Yiuf but do no damage. Crazy Yiuf completely misses you.
Crazy Yiuf hits you with a +3 quarterstaff of chaos!
You hit Crazy Yiuf.
Crazy Yiuf is lightly wounded.
Crazy Yiuf hits you with a +3 quarterstaff of chaos.
You feel protected.
You slash Crazy Yiuf!
Crazy Yiuf is heavily wounded.
Crazy Yiuf hits you with a +3 quarterstaff of chaos!
* * * LOW HITPOINT WARNING * * *
You are lethally poisoned!
You hit Crazy Yiuf but do no damage.
Crazy Yiuf is heavily wounded.
* * * LOW HITPOINT WARNING * * *
You feel very sick.
Crazy Yiuf hits you with a +3 quarterstaff of chaos!
You die...

####. #.... ###.### #.....#
#.#.#.# ######## #[#.#.#
##.#..#.### ### #.#....
##......#..##...# #.###..
#......####@g...# #.###..
#...#.## ###..)# #......
#..#### ### #####.. ##.#
#.. #.# #.. #.##
###############.#
#..########................
##.............#..#..####..
######.###..#.#..#.##_##..


You could see Crazy Yiuf.

Vanquished Creatures
  Pargi (D:3)
  Jessica (D:3)
  Natasha (D:2)
  3 adders (D:2)
  A worm (D:3)
  A dart slug (D:1)
  An orc (D:3)
  5 ball pythons
  6 bats
  4 endoplasms
  A giant cockroach (D:3)
  3 goblins (D:1)
  3 hobgoblins
  3 kobolds
  A quokka (D:3)
  3 frilled lizards
  4 rats
42 creatures vanquished.

Vanquished Creatures (others)
  5 fungi (D:3)
5 creatures vanquished.

Grand Total: 47 creatures vanquished

Notes
Turn   | Place    | Note
-------+----------+-------------------------------------------
     0 | D:1      | BRD the Demonspawn Gladiator began the quest for the Orb.
     0 | D:1      | Reached XP level 1. HP: 16/16 MP: 1/1
    95 | D:1      | Found a faded altar of an unknown god.
   366 | D:1      | Gained mutation: You are partially covered in molten
                  | scales. (AC +2) [demonic ancestry]
   366 | D:1      | Reached XP level 2. HP: 22/22 MP: 2/2
   502 | D:1      | Reached skill level 3 in Axes
   863 | D:2      | Gained mutation: You have sharp fingernails. [demonic
                  | ancestry]
   863 | D:2      | Reached XP level 3. HP: 20/28 MP: 3/3
  1173 | D:2      | Noticed Natasha
  1186 | D:2      | Killed Natasha
  1187 | D:2      | Gained mutation: You have very sharp fingernails. [demonic
                  | ancestry]
  1187 | D:2      | Reached XP level 4. HP: 27/34 MP: 4/4
  1713 | D:3      | Noticed Jessica
  1732 | D:3      | Killed Jessica
  2057 | D:3      | Found a radiant altar of Vehumet.
  2254 | D:3      | Found a sacrificial altar of Ru.
  2414 | D:3      | Noticed Pargi
  2524 | D:3      | Killed Pargi
  2525 | D:3      | Reached skill level 4 in Axes
  2525 | D:3      | Reached XP level 5. HP: 14/41 MP: 5/5
  2745 | D:3      | Found a runed translucent door.
  2746 | D:3      | Noticed Crazy Yiuf
  2754 | D:3      | HP: 1/41 [poisoned by Crazy Yiuf]
  2754 | D:3      | Mangled by Crazy Yiuf

Illustrated notes

Levels and vault maps discovered:
D:1:      mrwooster_arrival_statue_2, layout_loops_ring,
          hellmonk_ecumenical_altar_blasted, chequers_serial_rivers_room_a,
          minivault_26, kennysheep_small_spiral, hex_tiny, minmay_statues_item
D:2:      layout_basic, uniq_natasha
D:3:      layout_loops_cross, marbit_many_paths, lemuel_tele_altar,
          uniq_jessica, uniq_crazy_yiuf_cottage, uniq_pargi

Skill      XL: |  1  2  3  4 |
---------------+-------------+-----
Throwing       | 2 |  2.0
Axes           | 3 4 |  4.0
Dodging        | 3 |  3.9
Fighting       | 3 |  3.6

Action                     |  1- 3 |  4- 6 || total
---------------------------+-------+-------++-------
  Melee: War axe           |    81 |    75 ||   156
         Punch             |       |     1 ||     1
   Stab: Sleeping          |     2 |       ||     2
 Armour: Leather armour    |    40 |    40 ||    80
  Dodge: Dodged            |    51 |    69 ||   120

Table legend: (Time is in decaauts)
 A = Elapsed time spent in this place.
 B = Non-inter-level travel time spent in this place.
 C = Inter-level travel time spent in this place.
 D = Time resting spent in this place.
 E = Time spent auto-exploring this place.
 F = Levels seen in this place.
 G = Mean time per level.
                   A        B        C        D        E       F      G
               +--------+--------+--------+--------+--------+-----+--------+
         Total |   2805 |   2713 |     92 |     40 |   2252 |   3 |  935.0 |
       Dungeon |   2805 |   2713 |     92 |     40 |   2252 |   3 |  935.0 |
               +--------+--------+--------+--------+--------+-----+--------+

Top non-repeatable levels by time:
     D:3: 1076 daAuts
     D:1: 866 daAuts
     D:2: 863 daAuts
